 Dungeon Crawl Stone Soup version 0.26-a0-1086-g9010512d90 (webtiles) character file.

Game seed: 6750820036241707883

36 wythoutpain the Sneak (level 3, 3/16 HPs)
             Began as a Spriggan Enchanter on Dec 14, 2020.
             Quit the game on level 1 of the Dungeon.
             The game lasted 00:17:05 (1413 turns).

wythoutpain the Sneak (Spriggan Enchanter)          Turns: 1413, Time: 00:17:05

Health: 3/16       AC:  2    Str:  5    XL:     3   Next: 19%
Magic:  8/8        EV: 18    Int: 16    God:
Gold:   82         SH:  0    Dex: 16    Spells: 7/8 levels left

rFire    . . .     SeeInvis +   a - +1 dagger
rCold    . . .     Faith    .   (shield restricted)
rNeg     . . .     Spirit   .   b - +0 robe
rPois    .         Reflect  .   (helmet restricted)
rElec    .         Harm     .   (no cloak)
rCorr    .         Rampage  .   (gloves unavailable)
Will     .....                  (boots unavailable)
Stlth    +++.......             (no amulet)
HPRegen  0.05/turn              (no ring)
MPRegen  0.11/turn              (no ring)

@: very quick
A: very small, unfitting armour, see invisible, speed 3
a: no special abilities


You were on level 1 of the Dungeon.
You visited 1 branch of the dungeon, and saw 2 of its levels.

You collected 82 gold pieces.

Inventory:

Hand Weapons
 a - a +1 dagger (weapon)
 f - a +0 hunting sling
Missiles
 c - 14 sling bullets
 d - 83 stones
Armour
 b - a +0 robe (worn)
Scrolls
 e - 3 scrolls of teleportation {unknown}
 j - 3 scrolls of identify {unknown}
 k - a scroll of blinking {unknown}
Potions
 g - a potion of curing {unknown}
 h - a potion of invisibility {unknown}
 i - a potion of flight {unknown}


   Skills:
 + Level 0.1 Fighting
 + Level 1.2 Short Blades
 + Level 0.3 Slings
 + Level 3.1 Dodging
 + Level 5.3 Stealth
 + Level 3.1 Spellcasting
 + Level 4.2 Hexes


You had 7 spell levels left.
You knew the following spells:

 Your Spells              Type           Power        Failure   Level
a - Corona                Hex            ###....      3%          1

Your spell library contained the following spells:

 Spells                   Type           Power        Failure   Level
 Confusing Touch          Hex            ###.....     10%         3
 Tukima's Dance           Hex            ###.....     10%         3
 Ensorcelled Hibernation  Hex/Ice        #.....       12%         2
 Dazzling Flash           Conj/Hex       #.....       24%         3


Dungeon Overview and Level Annotations

Branches:
Dungeon (2/15)

Altars:
Elyvilon


Innate Abilities, Weirdness & Mutations

You are very small and have problems with some larger weapons.
You are too small for most types of armour.
You have supernaturally acute eyesight. (SInv)
You cover ground extremely quickly.


Message History

The bat closely misses you.
A bat comes into view.
The bat barely misses you.
You closely miss the bat.
The bat is heavily wounded.
The bat misses you. x2; The bat barely misses you.
The goblin misses you. The bat barely misses you.
The kobold closely misses you.
You completely miss the bat.
The bat is heavily wounded.
The bat hits you.
* * * LOW HITPOINT WARNING * * *
The bat completely misses you. The bat hits you but does no damage.
The goblin barely misses you. The bat barely misses you.
The kobold closely misses you.
You closely miss the bat.
The bat is heavily wounded.
The bat hits you.
* * * LOW HITPOINT WARNING * * *
The bat misses you. The goblin misses you.
Are you sure you want to abandon this character and quit the game? (Confirm with "yes".)

# # # ##### ## #...# #.
#.##########.####### ##(
......bhh..h.......###..
.......b####.####...r..l
###...#@# #.# ##.##.#.
#b.# #Kg.##.# #.##.#.
B.. .##....# #.#..#. #$
.. ###..# #.#.##. b..
.#.. r.#. ## #.## . .
..#. # .. #.#. ##


You could see 2 jackals, a goblin, 3 bats and a kobold.

Vanquished Creatures
  An ooze (D:2)
  A worm (D:2)
  A dart slug (D:1)
  A ball python (D:2)
  A giant cockroach (D:2)
  A hobgoblin (D:2)
  2 jackals (D:2)
  2 kobolds (D:1)
  2 quokkas (D:2)
  3 bats
  A frilled lizard (D:1)
  6 goblins
  3 rats
25 creatures vanquished.

Notes
Turn   | Place    | Note
-------+----------+-------------------------------------------
     0 | D:1      | wythoutpain the Spriggan Enchanter began the quest for the
                  | Orb.
     0 | D:1      | Reached XP level 1. HP: 9/9 MP: 5/5
   164 | D:1      | You fall into a shaft and drop 1 floor!
   166 | D:2      | Reached XP level 2. HP: 13/13 MP: 6/6
   678 | D:2      | Reached skill level 5 in Stealth
   852 | D:2      | Found a white marble altar of Elyvilon.
  1108 | D:2      | Reached XP level 3. HP: 16/16 MP: 8/8
  1413 | D:1      | Quit the game

Illustrated notes

Levels and vault maps discovered:
D:1:      shiori_arrival_whats_in_store_for_you, layout_rooms,
          minmay_tetromino_t4
D:2:      layout_rooms, nicolae_ru_the_path_less_chosen,
          chequers_serial_rivers_small_3, elyvilon_altar_3

Skill      XL: |  1  2 |
---------------+-------+-----
Spellcasting   | 3 |  3.1
Stealth        | 5 |  5.3
Hexes          | 4 |  4.2
Fighting       | |  0.1
Short Blades   | |  1.2
Slings         | |  0.3
Dodging        | |  3.1

Action                   || total
-------------------------++-------
Melee: Dagger            ||    95
 Fire: Hunting sling     ||    16
 Cast: Corona            ||    32
 Stab: Sleeping          ||     5
Armor: Robe              ||    10
Dodge: Dodged            ||    86

Table legend: (Time is in decaauts)
 A = Elapsed time spent in this place.
 B = Non-inter-level travel time spent in this place.
 C = Inter-level travel time spent in this place.
 D = Time resting spent in this place.
 E = Time spent auto-exploring this place.
 F = Levels seen in this place.
 G = Mean time per level.
                   A        B        C        D        E       F      G
               +--------+--------+--------+--------+--------+-----+--------+
         Total |   1173 |   1173 |      0 |    606 |    117 |   2 |  586.5 |
       Dungeon |   1173 |   1173 |      0 |    606 |    117 |   2 |  586.5 |
               +--------+--------+--------+--------+--------+-----+--------+

Top non-repeatable levels by time:
     D:2: 1012 daAuts
     D:1: 161 daAuts
